 Dungeon Crawl Stone Soup version 0.30.0-30-g96aa6591b8 (webtiles) character file.

Game seed: 10636811724399152061

429 ces the Skirmisher (level 6, -4/30 HPs)
             Began as a Spriggan Hunter on June 29, 2023.
             Slain by Prince Ribbit (10 damage)
             ... on level 5 of the Dungeon on June 30, 2023.
             The game lasted 00:11:05 (3662 turns).

ces the Skirmisher (Spriggan Hunter)                Turns: 3662, Time: 00:11:05

Health: -4/30      AC:  2    Str:  7    XL:     6   Next: 66%
Magic:  7/7        EV: 18    Int: 11    God:
Gold:   242        SH:  0    Dex: 20    Spells: 5/5 levels left

rFire   . . .        a - +1 shortbow
rCold   . . .        (shield currently unavailable)
rNeg    . . .        c - +0 robe
rPois   .            (helmet restricted)
rElec   .            (no cloak)
rCorr   .            (gloves unavailable)
SInv    +            (boots unavailable)
Will    +....        (no amulet)
Stlth   ++           (no ring)
HPRegen 0.25/turn    (no ring)
MPRegen 0.10/turn

%: no passive effects
@: very quick
A: very small, no large weapons, unfitting armour, see invisible, speed 3
a: no special abilities


You were on level 5 of the Dungeon.
You visited 1 branch of the dungeon, and saw 5 of its levels.

You collected 242 gold pieces.

Inventory:

Hand Weapons
 a - a +1 shortbow (weapon)
 p - a +0 hand crossbow
Armour
 c - a +0 robe (worn)
Jewellery
 k - a +6 ring of dexterity
Wands
 n - a wand of polymorph (14)
 q - a wand of digging (5)
Scrolls
 b - 4 scrolls of immolation
 e - 2 scrolls of fear
 i - a scroll of enchant armour {unknown}
Potions
 d - a potion of heal wounds {unknown}
 f - a potion of flight {unknown}
 g - 3 potions of curing {unknown}
 h - a potion of degeneration {unknown}
 j - a potion of mutation {unknown}
 l - a potion of lignification {unknown}
 m - a potion of might {unknown}
 o - a potion of haste {unknown}


   Skills:
 - Level 1.5 Fighting
 + Level 8.1 Ranged Weapons
 - Level 2.6 Dodging
 - Level 1.5 Stealth


You had 5 spell levels left.
You didn't know any spells.
Your spell library contained the following spells:

 Spells                   Type           Power      Damage    Failure   Level
 Cigotuvi's Dreadful Rot  Necr/Pois/Air  0%         N/A       47%         2
 Dispel Undead            Necr           0%         3d6       98%         4
 Death Channel            Necr           0%         N/A       100%        6


Dungeon Overview and Level Annotations

Branches:
Dungeon (5/15)
 Temple: D:4-7

Altars:
Elyvilon
Qazlal
The Shining One

Shops:
D:2 **(*(

Annotations:
D:5 Prince Ribbit


Innate Abilities, Weirdness & Mutations

You are very small and have problems with some larger weapons.
You are too small for most types of armour.
You have supernaturally acute eyesight. (SInv)
You cover ground extremely quickly. (Speed+++)


Message History

You shoot an arrow. The arrow closely misses the ufetubus.
You shoot an arrow. The arrow hits the ufetubus!
You kill the ufetubus!
No target in view!
No target in view!
Found a stormy altar of Qazlal.
Found a stone staircase leading down.
Prince Ribbit croaks.
Prince Ribbit hops awkwardly around.
Prince Ribbit blinks!
A howler monkey comes into view.
The howler monkey howls!
The howler monkey hoots and howls with incredible vigour!
The howler monkey hoots and howls with incredible vigour!
You hear a shout!
You shoot an arrow. The arrow hits Prince Ribbit!
Prince Ribbit is moderately wounded.
Prince Ribbit blinks!
The howler monkey hoots and howls with incredible vigour!
Prince Ribbit blinks!
You shoot an arrow. The arrow hits Prince Ribbit!
Prince Ribbit is heavily wounded.
Prince Ribbit hits you.
Prince Ribbit winks and puckers his lips.
Prince Ribbit hits you.
You see here 13 gold pieces.
You shoot an arrow. The arrow misses Prince Ribbit.
Prince Ribbit barely misses you.
The howler monkey hoots and howls with incredible vigour!
You shoot an arrow. The arrow hits Prince Ribbit.
Prince Ribbit is heavily wounded.
Prince Ribbit blinks!
You shoot an arrow. The arrow hits Prince Ribbit.
Prince Ribbit is severely wounded.
You shoot an arrow. The arrow misses Prince Ribbit.
Prince Ribbit misses you.
You shoot an arrow. The arrow misses Prince Ribbit.
Prince Ribbit hits you!!
Ouch! That really hurt!
* * * LOW HITPOINT WARNING * * *
The howler monkey misses you. Prince Ribbit hits you!
You die...

####### #.....# #.###.#
...○#.# ...h#.# ._F...#
##############
....#.#####............#
....#..........h@#
#.#########.####F#
#............# #.#
#..##..>####.# #.#
#..##.### .# #.# .#
#..##.# #.###.## .#
...##.# #.##...####.#
##.##.## #.#.#.#.##..###
#.##..## #..O.......>...


You could see Prince Ribbit and a howler monkey.

Vanquished Creatures
  3 scorpions
  A howler monkey (D:4)
  A jelly (D:4)
  A hound (D:5)
  An iguana (D:5)
  5 adders
  2 ufetubi
  A worm (D:2)
  6 bats
  6 endoplasms
  5 giant cockroaches
  8 goblins
  6 hobgoblins
  8 jackals
  6 kobolds
  4 quokkas
  2 frilled lizards (D:3)
  10 rats
76 creatures vanquished.

Notes
Turn   | Place    | Note
-------+----------+-------------------------------------------
     0 | D:1      | ces the Spriggan Hunter began the quest for the Orb.
     0 | D:1      | Reached XP level 1. HP: 10/10 MP: 2/2
   101 | D:1      | Reached XP level 2. HP: 14/14 MP: 3/3
   407 | D:1      | Reached skill level 5 in Ranged Weapons
   414 | D:1      | Reached XP level 3. HP: 18/18 MP: 4/4
   660 | D:2      | Found Ishuadgh's Assorted Antiques.
   693 | D:2      | Found Purass's Weapon Shoppe.
   798 | D:2      | Found Seonorch's Weapon Shoppe.
   913 | D:2      | Found Opemep's General Store.
  1181 | D:2      | Found Plog's Assorted Antiques.
  1434 | D:3      | Reached XP level 4. HP: 19/22 MP: 5/5
  1545 | D:3      | Found a white marble altar of Elyvilon.
  2007 | D:3      | Found a glowing golden altar of the Shining One.
  2111 | D:3      | Reached skill level 6 in Ranged Weapons
  2399 | D:4      | Noticed a scorpion
  2446 | D:4      | Reached XP level 5. HP: 25/25 MP: 6/6
  2543 | D:4      | Reached skill level 7 in Ranged Weapons
  2635 | D:4      | Reached XP level 6. HP: 30/30 MP: 7/7
  3024 | D:5      | Entered Level 5 of the Dungeon
  3380 | D:5      | Noticed Prince Ribbit
  3482 | D:5      | Reached skill level 8 in Ranged Weapons
  3584 | D:5      | Found a stormy altar of Qazlal.
  3662 | D:5      | Slain by Prince Ribbit

Illustrated notes

Levels and vault maps discovered:
D:1:      lemuel_arrival_muddy, layout_basic
D:2:      layout_loops_ring, serial_shops,
          nicolae_shop_temple_entry_statues_fountains, shop,
          nicolae_shop_tiny_real_fake_doors, nicolae_shop_behind_doors, shop,
          minivault_4, st_stairs_6
D:3:      layout_loops_corners, lemuel_round_altar, tso_altar,
          minmay_quadrilaterals
D:4:      layout_basic
D:5:      layout_loops_ring, grunt_qazlal_clouds, uniq_prince_ribbit1

Skill      XL: |  1  2  3  4  5  6 |
---------------+-------------------+-----
Ranged Weapons | 5 6 7 8 |  8.1
Fighting       | |  1.5
Dodging        | |  2.6
Stealth        | |  1.5

Action                     |  1- 3 |  4- 6 || total
---------------------------+-------+-------++-------
   Fire: Shortbow          |   120 |   122 ||   242
    Use: Scroll            |     3 |       ||     3
 Armour: Robe              |     7 |     1 ||     8
  Dodge: Dodged            |    57 |    40 ||    97
